 Dungeon Crawl Stone Soup version 0.30-a0-476-g330ca2eb8e (webtiles) character file.

Game seed: 8654850158071658141

1584 cforsyth the Digger (level 8, -3/41 HPs)
             Began as a Gargoyle Earth Elementalist on Dec 21, 2022.
             Was a Believer of Vehumet.
             Slain by an orc warrior
             ... wielding a +0 dire flail
              (4 damage)
             ... on level 5 of the Dungeon.
             The game lasted 00:12:07 (6611 turns).

cforsyth the Digger (Gargoyle Earth Elementalist)   Turns: 6611, Time: 00:12:07

Health: -3/41      AC: 10    Str: 12    XL:     8   Next: 92%
Magic:  7/16       EV: 13    Int: 18    God:    Vehumet [**....]
Gold:   287        SH:  0    Dex: 10    Spells: 14/18 levels left

rFire   . . .      SeeInvis .    A - +7 whip "Ycutwaos" {vorpal, Fly rElec Stlth+}
rCold   . . .      Faith    .    (no shield)
rNeg    + + .      Spirit   .    a - +0 robe
rPois   ∞          Reflect  .    (no helmet)
rElec   +          Harm     .    g - +0 cloak
rCorr   .          Rampage  .    w - +0 pair of gloves
Will    .....                    u - +0 pair of boots {Stlth+}
Stlth   ++++......               (no amulet)
HPRegen 0.26/turn                m - ring of positive energy
MPRegen 0.15/turn                (no ring)

@: flying
A: sickness immunity, AC +5, negative energy resistance 1, electricity
resistance, torment resistance 1, petrification resistance
a: Renounce Religion


You were on level 5 of the Dungeon.
You worshipped Vehumet.
Vehumet was pleased with you.
You visited 2 branches of the dungeon, and saw 7 of its levels.

You collected 437 gold pieces.
You spent 150 gold pieces at shops.

Inventory:

Hand Weapons
 A - the +7 whip "Ycutwaos" (weapon) {vorpal, Fly rElec Stlth+}
   (You found it on level 4 of the Dungeon)

   It inflicts extra damage upon your enemies.
   rElec:     It insulates you from electricity.
   Fly:       It grants you flight.
   Stlth:     It makes you more stealthy.
Armour
 a - a +0 robe (worn)
 g - a +0 cloak (worn)
 u - a +0 pair of boots of stealth (worn)
 w - a +0 pair of gloves (worn)
Jewellery
 m - a ring of positive energy (left hand)
 q - a ring of wizardry
 D - a ring of ice
Wands
 s - a wand of digging (3)
 C - a wand of quicksilver (9)
Scrolls
 d - a scroll of enchant weapon {unknown}
 h - a scroll of immolation
 n - a scroll of blinking {unknown}
 r - a scroll of torment {unknown}
 v - 2 scrolls of fear {unknown}
 x - a scroll of teleportation
 y - a scroll of amnesia {unknown}
 G - a scroll of fog {unknown}
 H - a scroll of magic mapping {unknown}
Potions
 b - 2 potions of magic
 c - 3 potions of heal wounds
 e - a potion of haste {unknown}
 f - 2 potions of brilliance
 i - 2 potions of berserk rage
 j - a potion of flight {unknown}
 l - 4 potions of curing
 p - a potion of might {unknown}
 t - 2 potions of degeneration {unknown}
 z - a potion of cancellation {unknown}
 B - a potion of invisibility {unknown}
 E - a potion of attraction {unknown}
 F - a potion of mutation {unknown}


   Skills:
 + Level 4.9 Dodging
 - Level 2.3 Stealth
 + Level 5.5 Spellcasting
 - Level 5.0 Conjurations
 - Level 1.0 Transmutations
 + Level 7.6 Earth Magic


You had 14 spell levels left.
You knew the following spells:

 Your Spells              Type           Power      Damage    Failure   Level
a - Sandblast             Erth           64%        2d14      1%          1
b - Stone Arrow           Conj/Erth      54%        3d10      2%          3

Your spell library contained the following spells:

 Spells                   Type           Power      Damage    Failure   Level
 Searing Ray              Conj           44%        2d6       2%          2
 Passwall                 Tmut/Erth      16%        N/A       3%          2
 Kiss of Death            Conj/Necr      52%        2d9       4%          1
 Apportation              Tloc           8%         N/A       13%         1
 Necrotise                Necr           16%        1d4       13%         1
 Summon Small Mammal      Summ           16%        N/A       13%         1
 Petrify                  Tmut/Erth      20%        N/A       22%         4


Dungeon Overview and Level Annotations

Branches:
Dungeon (6/15)             Temple (1/1) D:4

Altars:
Ashenzari
Dithmenos
Elyvilon
Fedhas
Gozag
Hepliaklqana
Makhleb
Nemelex Xobeh
Sif Muna
Trog
Vehumet
Xom
The Shining One

Shops:
D:4 [


Innate Abilities, Weirdness & Mutations

You are immune to sickness and miasma.
Your stone body is resilient. (AC +5)
You are immune to poison.
You resist negative energy. (rN+)
You are resistant to electric shocks. (rElec)
You are resistant to unholy torment.
You are immune to petrification.


Message History

You fly upwards.
There is a stone staircase leading down here.
Unknown command.
The blast of sand misses the orc warrior.
The orc warrior closely misses you.
The blast of sand misses the orc warrior.
The orc warrior completely misses you. The orc warrior barely misses you.
The blast of sand hits the orc warrior.
The orc warrior is heavily wounded.
The orc warrior hits you with a +0 dire flail!!
You are too injured to fight recklessly!
Unknown command.
Casting: Sandblast (safe; 1% risk of failure)
Confirm with . or Enter, or press ? or * to list all spells.
Aiming: Sandblast (safe; 1% risk of failure)
Press: ? - help, Shift-Dir - straight line, f/p - orc warrior
Aim: an orc warrior, wielding a +0 dire flail and wearing a +0 chain mail (heavily wounded, 82% to hit)
The blast of sand hits the orc warrior!
The orc warrior is severely wounded.
The orc warrior closely misses you. The orc warrior barely misses you.
Unknown command.
Casting: Sandblast (safe; 1% risk of failure)
Confirm with . or Enter, or press ? or * to list all spells.
Aiming: Sandblast (safe; 1% risk of failure)
Press: ? - help, Shift-Dir - straight line, f/p - orc warrior
Aim: an orc warrior, wielding a +0 dire flail and wearing a +0 chain mail (severely wounded, 82% to hit)
The blast of sand hits the orc warrior.
The orc warrior is almost dead.
The orc warrior hits you but does no damage.
Unknown command.
Casting: Sandblast (safe; 1% risk of failure)
Confirm with . or Enter, or press ? or * to list all spells.
Aiming: Sandblast (safe; 1% risk of failure)
Press: ? - help, Shift-Dir - straight line, f/p - orc warrior
Aim: an orc warrior, wielding a +0 dire flail and wearing a +0 chain mail (almost dead, 82% to hit)
The blast of sand misses the orc warrior.
The orc warrior hits you with a +0 dire flail!
* * * LOW HITPOINT WARNING * * *
The orc warrior hits you with a +0 dire flail.
You die...

....###.#########..#.#
#.# #..
.####.............##.#
#g# #..
..###.#.#.######..##.#
#.# #..
#...#.#.#......#..##.#
#.# #..
###.....#.#.##.#.###.#
#.######..
...........###.#.# #.#
#........)
#######.#......#.#
#.#########...
###.###....#.# #...#
#..) #..........÷@#
#...# #..#
#####.#.########o###...#
####...
....#.#........#.......#
#......
###.#.########.#####...#
#.##.#. .##.#<..# #.#
##### #.##.#. .##.#.#.#
#.# #.##.#. .##.#.#.#
#.# #.##.#. ###.#.#.#
#.# #######.##.#.
#.#.#.# #.#
#.......##.#.


You could see an orc warrior.

Vanquished Creatures
  Sigmund (D:3)
  A sky beast (D:6)
  An ogre (D:5)
  A phantom (D:5)
  3 kobold brigands (D:5)
  2 scorpions (D:5)
  A howler monkey (D:5)
  2 jellies (D:6)
  A gnoll bouda (D:5)
  2 orc priests
  6 hounds
  3 iguanas
  2 orc wizards (D:3)
  16 gnolls
  3 adders
  An ufetubus (D:5)
  4 worms
  2 dart slugs
  11 orcs
  9 ball pythons
  4 bats
  6 endoplasms
  4 giant cockroaches
  6 goblins
  5 hobgoblins
  5 jackals
  3 quokkas
  2 frilled lizards
  48 kobolds
  4 rats
159 creatures vanquished.

Notes
Turn   | Place    | Note
-------+----------+-------------------------------------------
     0 | D:1      | cforsyth the Gargoyle Earth Elementalist began the quest
                  | for the Orb.
     0 | D:1      | Reached XP level 1. HP: 10/10 MP: 3/3
   213 | D:1      | Reached skill level 1 in Transmutations
   213 | D:1      | Reached XP level 2. HP: 15/15 MP: 3/5
   751 | D:1      | Reached skill level 4 in Earth Magic
   808 | D:1      | Found a faded altar of an unknown god.
   945 | D:1      | Reached XP level 3. HP: 14/19 MP: 1/6
  1884 | D:2      | Got A Tutorial on the Hermit's Heritage
  1891 | D:2      | Reached XP level 4. HP: 24/24 MP: 5/7
  2299 | D:3      | Noticed Sigmund
  2330 | D:3      | Killed Sigmund
  2331 | D:3      | Reached skill level 1 in Conjurations
  2331 | D:3      | Reached skill level 5 in Earth Magic
  2331 | D:3      | Reached XP level 5. HP: 28/28 MP: 5/10
  2331 | D:3      | Reached XP level 6. HP: 32/32 MP: 5/11
  3117 | D:4      | Found Mupn's Antique Armour Emporium.
  3123 | D:4      | Bought a pair of glowing boots for 150 gold pieces
  3453 | D:4      | Found a staircase to the Ecumenical Temple.
  3507 | D:4      | Found a bloodstained altar of Trog.
  3515 | D:4      | Reached XP level 7. HP: 36/36 MP: 6/12
  3541 | Temple   | Entered the Ecumenical Temple
  3594 | Temple   | Became a worshipper of Vehumet
  3650 | D:4      | Identified the +5 scale mail of the Delicate God {+Inv
                  | Will- Regen+ Int+3}
  3753 | D:4      | Identified the +7 whip "Ycutwaos" {vorpal, Fly rElec
                  | Stlth+}
  4025 | D:5      | Entered Level 5 of the Dungeon
  4348 | D:5      | Reached skill level 6 in Earth Magic
  4667 | D:5      | Found a shadowy altar of Dithmenos.
  4982 | D:5      | Reached * piety under Vehumet
  4982 | D:5      | Offered knowledge of Magic Dart by Vehumet.
  4990 | D:5      | Reached XP level 8. HP: 32/41 MP: 5/14
  5534 | D:5      | Reached ** piety under Vehumet
  5534 | D:5      | Offered knowledge of Searing Ray by Vehumet.
  5587 | D:5      | Reached skill level 5 in Spellcasting
  5587 | D:5      | Reached skill level 7 in Earth Magic
  5746 | D:5      | Learned a level 3 spell: Stone Arrow
  6090 | D:6      | Reached skill level 5 in Conjurations
  6611 | D:5      | HP: 1/41 [orc warrior/+0 dire flail (13)]
  6611 | D:5      | Slain by an orc warrior

Illustrated notes

Levels and vault maps discovered:
D:1:      scummos_arrival_hexagon, layout_basic, basic_ecumenical_altar
D:2:      layout_basic
D:3:      layout_basic, uniq_sigmund
D:4:      layout_loops_ring, mainiacjoe_overflow_cross_hatched,
          minmay_temple_entry_statues_pillars, serial_shops,
          nicolae_shop_hallway_stairs
D:5:      minmay_goblin_kobold_castle, layout_basic,
          nicolae_dithmenos_shadow_blocks
D:6:      layout_basic, slow_altar_1, serial_rivers,
          chequers_serial_rivers_large_b, chequers_serial_rivers_micro_d,
          chequers_serial_rivers_large_a, chequers_serial_rivers_marsh
Temple:   nicolae_temple_ecumenical_triangle

Skill      XL: |  1  2  3  4  5  6  7  8 |
---------------+-------------------------+-----
Transmutations | 1 |  1.0
Earth Magic    | 4 5 6 7 |  7.6
Dodging        | 2 3 4 |  4.9
Spellcasting   | 3 4 5 |  5.5
Conjurations   | 1 2 4 5 |  5.0
Stealth        | |  2.3

Action                   |  1- 3 |  4- 6 |  7- 9 || total
-------------------------+-------+-------+-------++-------
Melee: Unarmed           |    15 |     1 |       ||    16
       Whip              |       |       |     1 ||     1
 Cast: Sandblast         |    55 |    55 |   169 ||   279
  Use: Scroll            |       |       |     7 ||     7
Armor: Robe              |    12 |    10 |    53 ||    75
Dodge: Dodged            |    35 |    25 |   102 ||   162

Table legend: (Time is in decaauts)
 A = Elapsed time spent in this place.
 B = Non-inter-level travel time spent in this place.
 C = Inter-level travel time spent in this place.
 D = Time resting spent in this place.
 E = Time spent auto-exploring this place.
 F = Levels seen in this place.
 G = Mean time per level.
                   A        B        C        D        E       F      G
               +--------+--------+--------+--------+--------+-----+--------+
         Total |   6753 |   6524 |    229 |    670 |   4908 |   7 |  964.7 |
       Dungeon |   6671 |   6461 |    210 |    670 |   4872 |   6 | 1111.8 |
        Temple |     82 |     64 |     18 |      0 |     36 |   1 |   82.0 |
               +--------+--------+--------+--------+--------+-----+--------+

Top non-repeatable levels by time:
     D:5: 2316 daAuts
     D:1: 1163 daAuts
     D:2: 1110 daAuts
     D:4: 1008 daAuts
     D:3: 885 daAuts
     D:6: 187 daAuts
  Temple: 82 daAuts
